 Dungeon Crawl Stone Soup version 0.28-a0-1412-gf95308ed99 (webtiles) character file.

Game seed: 3519811688776989627

34 siradein the Skirmisher (level 3, -4/30 HPs)
             Began as a Djinni Cinder Acolyte on Jan 6, 2022.
             Was a High Priest of Ignis.
             Slain by Natasha (5 damage)
             ... on level 2 of the Dungeon.
             The game lasted 00:02:59 (1394 turns).

siradein the Skirmisher (Djinni Cinder Acolyte)     Turns: 1394, Time: 00:02:59

Health: -4/30      AC:  7    Str: 15    XL:     3   Next: 50%
Gold:   46         EV: 10    Int: 15    God:    Ignis [*****.] SH:  0 Dex:  8

rFire   + + +      SeeInvis .   a - -1 falchion (flame)
rCold   x . .      Faith    .   (no shield)
rNeg    . . .      Spirit   .   f - +2 ring mail {rPois}
rPois   ∞          Reflect  .   (no helmet)
rElec   .          Harm     .   (no cloak)
rCorr   .          Rampage  .   (no gloves)
Will    .....                   (boots unavailable)
Stlth   ..........              (no amulet)
HPRegen 0.10/turn               (no ring)
MPRegen 0.00/turn               (no ring)

@: flying
A: sickness immunity, fire resistance 2, cold vulnerability 1, float, innate
caster, hp casting, extra vitality 1
a: Renounce Religion, Fiery Armour, Foxfire Swarm, Rising Flame


You were on level 2 of the Dungeon.
You worshipped Ignis.
Ignis was extremely pleased with you.
You visited 1 branch of the dungeon, and saw 2 of its levels.

You collected 46 gold pieces.

Inventory:

Hand Weapons
 a - a -1 falchion of flaming (weapon)
Armour
 f - a +2 ring mail of poison resistance (worn)
Scrolls
 e - a scroll of identify {unknown}
 h - a scroll of holy word {unknown}
Potions
 b - a potion of ambrosia {unknown}
 c - a potion of flight {unknown}
 d - a potion of mutation {unknown}
 g - a potion of brilliance {unknown}
 i - a potion of lignification {unknown}


   Skills:
 + Level 3.4 Fighting
 + Level 3.1 Long Blades
 + Level 2.7 Spellcasting


You had 4 spell levels left.
You knew the following spells:

 Your Spells              Type           Power      Damage    Failure   Level
a - Scorch                Fire           20%        2d6       21%         2
b - Slow                  Hex            40%        N/A       13%         1
Your spell library was empty.

Dungeon Overview and Level Annotations

Branches:
Dungeon (2/15)

Altars:

Annotations:
D:2 Natasha


Innate Abilities, Weirdness & Mutations

You are immune to sickness and miasma.
You are immune to poison.
Your flesh is very heat resistant. (rF++)
You are vulnerable to cold. (rC-)
You float through the air rather than walking.
You learn spells naturally, not from books.
Your magical power is your life essence.
You have superior vitality. (+4 MHP)


Message History

Natasha claws you.
Unknown command.
You completely miss Natasha.
Natasha is lightly wounded.
Natasha claws you.
The crimson imp blinks!
Natasha barely misses you.
The crimson imp lashes its tail.
You are too injured to fight recklessly!
You are too injured to fight recklessly!
Unknown command.
You completely miss Natasha.
Natasha is lightly wounded.
The shadow imp disappears in a puff of smoke!
Natasha stares at you and mumbles some strange words.
You resist with some effort. Natasha closely misses you.
You hit Natasha. You burn Natasha.
Natasha is moderately wounded.
Natasha claws you.
Your magical contamination has completely faded away.
You completely miss Natasha.
Natasha is moderately wounded.
Natasha claws you.
* * * LOW HITPOINT WARNING * * *
Natasha claws you but does no damage.
You barely miss Natasha.
Natasha is moderately wounded.
Natasha casts a spell.
Natasha claws you!
* * * LOW HITPOINT WARNING * * *
Unknown command.
You closely miss Natasha.
Natasha is moderately wounded.
You feel yourself speed up. Natasha claws you but does no damage.
The crimson imp grins evilly.
The crimson imp blinks!
Unknown command.
You closely miss Natasha.
Natasha is moderately wounded.
Natasha claws you.
You die...

#.........#
#.##.####.#
#.##.# #
#.##.####.##
#.#.).......
##
#......##.##
.. #†#...##
#.#.##..###.#
#.5.@h......#
#.####5######
..# #'# ###
... .....
.......
.........
+K......h5+
#..h......#


You could see Natasha and 2 crimson imps.

Vanquished Creatures
  A dart slug (D:1)
  3 bats
  2 endoplasms (D:1)
  3 giant cockroaches (D:1)
  2 goblins
  4 hobgoblins
  2 jackals (D:1)
  4 kobolds
  A quokka (D:1)
  3 ball pythons
  A frilled lizard (D:1)
  A rat (D:1)
27 creatures vanquished.

Notes
Turn   | Place    | Note
-------+----------+-------------------------------------------
     0 | D:1      | siradein the Djinni Cinder Acolyte began the quest for the
                  | Orb.
     0 | D:1      | Reached XP level 1. HP: 20/20 MP: 0/0
     9 | D:1      | Found a faded altar of an unknown god.
   217 | D:1      | Reached XP level 2. HP: 23/25 MP: 0/0
   822 | D:1      | Reached XP level 3. HP: 30/30 MP: 0/0
   822 | D:1      | Learned a level 1 spell: Slow
   981 | D:2      | Identified the +0 leather armour of Toseonea {rPois rN+
                  | Str+2}
  1345 | D:2      | Noticed Natasha
  1392 | D:2      | HP: 1/30 [Natasha (8)]
  1394 | D:2      | Slain by Natasha

Illustrated notes

Levels and vault maps discovered:
D:1:      tarquinn_simple_flora_water_f, layout_loops_ring,
          ebering_ecumenical_altar_rust, nrook_uturn
D:2:      layout_loops_corners, basic_altar, grunt_ministairs_11, uniq_natasha

Skill      XL: |  1  2 |
---------------+-------+-----
Long Blades    | 3 |  3.1
Fighting       | |  3.4
Spellcasting   | |  2.7

Action                   || total
-------------------------++-------
Melee: Falchion          ||   112
 Cast: Slow              ||     1
       Scorch            ||     1
 Stab: Sleeping          ||     1
Armor: Robe              ||    13
       Ring mail         ||    32
       Leather armour    ||     1
Dodge: Dodged            ||    77

Table legend: (Time is in decaauts)
 A = Elapsed time spent in this place.
 B = Non-inter-level travel time spent in this place.
 C = Inter-level travel time spent in this place.
 D = Time resting spent in this place.
 E = Time spent auto-exploring this place.
 F = Levels seen in this place.
 G = Mean time per level.
                   A        B        C        D        E       F      G
               +--------+--------+--------+--------+--------+-----+--------+
         Total |   1416 |   1386 |     30 |      4 |   1102 |   2 |  708.0 |
       Dungeon |   1416 |   1386 |     30 |      4 |   1102 |   2 |  708.0 |
               +--------+--------+--------+--------+--------+-----+--------+

Top non-repeatable levels by time:
     D:1: 962 daAuts
     D:2: 453 daAuts
